 Dungeon Crawl Stone Soup version 0.29.0-15-g675c0067aa (webtiles) character file.

Game seed: 16439722302682887186

2404 Bartlander the Arsonist (level 9, -4/62 HPs)
             Began as a Red Draconian Fire Elementalist on Sept 11, 2022.
             Was an Initiate of Ashenzari.
             Slain by a killer bee (6 damage)
             ... on level 6 of the Dungeon.
             The game lasted 00:42:18 (9734 turns).

Bartlander the Arsonist (DrFE)                      Turns: 9734, Time: 00:42:19

Health: -4/62      AC:  8    Str: 10    XL:     9   Next: 23%
Magic:  0/12       EV: 12    Int: 20    God:    Ashenzari [......]
Gold:   232        SH:  0    Dex: 12    Spells: 5/12 levels left

rFire   + + .      SeeInvis .   p - staff of fire
rCold   . . .      Faith    .   (no shield)
rNeg    . . .      Spirit   .   (body armour unavailable)
rPois   .          Reflect  .   (helmet restricted)
rElec   .          Harm     .   (no cloak)
rCorr   .          Rampage  .   (no gloves)
Will    .....                   b - +0 pair of boots "Ensconced Together" {Melee, Alch} (curse)
Stlth   ++........              (no amulet)
HPRegen 0.20/turn               (no ring)
MPRegen 0.13/turn               (no ring)

@: lethally poisoned (-4 -> -23), about to teleport, short of breath
A: breathe fire, AC +7, unfitting armour, fire resistance 1, cold-blooded
a: Breathe Fire, Renounce Religion, Shatter the Chains


You were on level 6 of the Dungeon.
You worshipped Ashenzari.
Ashenzari was noncommittal.
You visited 1 branch of the dungeon, and saw 6 of its levels.
You also visited: Sewer and Ossuary.

You collected 232 gold pieces.

Inventory:

Hand Weapons
 s - a +0 whip
Missiles
 f - 7 boomerangs (quivered)
 r - a throwing net
Armour
 b - the cursed +0 pair of boots "Ensconced Together" (worn) {Melee, Alch}
   (You found it on level 6 of the Dungeon)

   It has a curse which improves the following skills: Melee Combat: Short
   Blades, Long Blades, Axes, Maces & Flails, Polearms, Staves and Unarmed
   Combat.
   Alchemy:   Poison Magic and Transmutations.
Magical Staves
 p - a staff of fire (weapon)
Jewellery
 h - an amulet of guardian spirit
Wands
 g - a wand of roots (13)
Scrolls
 d - a scroll of vulnerability
 l - a scroll of noise {unknown}
 m - 3 scrolls of enchant weapon {unknown}
 o - 2 scrolls of identify
 q - a scroll of blinking {unknown}
 t - 2 scrolls of magic mapping
Potions
 a - a potion of mutation {unknown}
 c - a potion of haste {unknown}
 i - 3 potions of curing
 j - 3 potions of flight {unknown}
 k - a potion of berserk rage {unknown}
 n - 3 potions of heal wounds {unknown}
 u - a potion of brilliance {unknown}


   Skills:
 - Level 1.7 Dodging
 - Level 1.7 Stealth
 - Level 2.0 Spellcasting
 + Level 8.1 Conjurations
 + Level 11.8 Fire Magic


You had 5 spell levels left.
You knew the following spells:

 Your Spells              Type           Power      Damage    Failure   Level
a - Foxfire               Conj/Fire      100%       2x1d9     1%          1
b - Scorch                Fire           100%       2d10      1%          2
c - Flame Wave            Conj/Fire      58%        2d14      2%          4

Your spell library contained the following spells:

 Spells                   Type           Power      Damage    Failure   Level
 Conjure Flame            Conj/Fire      58%        6-21      1%          3
 Sticky Flame             Conj/Fire      58%        2d7       2%          4
 Inner Flame              Hex/Fire       38%        N/A       4%          3
 Stone Arrow              Conj/Erth      36%        3d9       9%          3
 Ignite Poison            Fire/Tmut/Pois 26%        N/A       10%         3
 Sublimation of Blood     Necr           2%         N/A       24%         2
 Call Canine Familiar     Summ           2%         N/A       43%         3
 Confusing Touch          Hex            2%         N/A       43%         3
 Portal Projectile        Hex/Tloc       4%         N/A       43%         3
 Tukima's Dance           Hex            2%         N/A       43%         3
 Irradiate                Conj/Tmut      9%         3d14      63%         5
 Leda's Liquefaction      Hex/Erth       1%         N/A       83%         4
 Passage of Golubria      Tloc           2%         N/A       83%         4
 Petrify                  Tmut/Erth      2%         N/A       83%         4
 Blade Hands              Tmut           1%         N/A       99%         5
 Yara's Violent Unravell  Hex/Tmut       1%         3d3       99%         5
 Enfeeble                 Hex            1%         N/A       100%        7
 Lehudib's Crystal Spear  Conj/Erth      9%         10d4      100%        8
 Animate Armour           Summ/Erth      Unusable   N/A       N/A         4

Dungeon Overview and Level Annotations

Branches:
Dungeon (6/15)             Temple (0/1) D:4           Sewer (visited)
Ossuary (visited)

Altars:
Ashenzari
Kikubaaqudgha

Shops:
D:6 ***

Annotations:
D:5 Sigmund


Innate Abilities, Weirdness & Mutations

You can breathe blasts of fire.
Your fiery red scales are hard. (AC +7)
You cannot fit into any form of body armour.
Your flesh is heat resistant. (rF+)
You are cold-blooded and may be slowed by cold attacks.


Message History

The killer bee closely misses you. The killer bee barely misses you.
The killer bee misses you.
As you read the scroll of teleportation, it crumbles to dust.
You feel strangely unstable.
You feel very sick.
The killer bee stings you but does no damage.
The killer bee closely misses you.
The killer bee stings you but does no damage.
The killer bee barely misses you. The killer bee stings you.
* * * LOW HITPOINT WARNING * * *
The killer bee misses you.
The killer bee stings you but does no damage.
The killer bee closely misses you.
The killer bee stings you but does no damage. x2
You feel better.
The killer bee stings you but does no damage.
The killer bee closely misses you. The killer bee misses you.
The killer bee barely misses you. The killer bee stings you.
The killer bee misses you. The killer bee closely misses you.
The killer bee stings you but does no damage.
The killer bee stings you. The killer bee barely misses you.
You hit the killer bee.
You kill the killer bee!
The killer bee stings you.
* * * LOW HITPOINT WARNING * * *
The killer bee stings you!
* * * LOW HITPOINT WARNING * * *
The killer bee stings you.
* * * LOW HITPOINT WARNING * * *
You are lethally poisoned!
The killer bee poisons you! The killer bee stings you.
* * * LOW HITPOINT WARNING * * *
The killer bee stings you.
* * * LOW HITPOINT WARNING * * *
You are more poisoned.
The killer bee poisons you! The killer bee closely misses you.
The killer bee barely misses you. The killer bee closely misses you.
The killer bee misses you. The killer bee closely misses you.
The killer bee stings you.
You die...

#....................########
........)............#
.....................#
....................##
.############'##....#
.#.....#.......#....#
.#.....#.......#....#
.#.....#.......#yy..#
.+.....#.......#@y..#
.......##......#yy..#
≈......##......#....#
.......#.......#.)..#
§......####'####.....#
≈§.....# ...))..# §......#
.........# §...<..+
...........# §......#
..........##


You could see 5 killer bees.

Vanquished Creatures
  Prince Ribbit (D:5)
  Eustachio (D:5)
  Edmund (D:4)
  An ice beast (D:5)
  An orc warrior (D:6)
  A black bear (D:6)
  3 ogres
  2 elf zombies (Ossuary)
  A kobold brigand (D:4)
  A bullfrog (D:6)
  2 scorpions
  A necrophage (D:6)
  A killer bee (D:6)
  2 centaur zombies (Ossuary)
  3 jellies
  A gnoll bouda (D:3)
  3 hounds
  An orc priest (D:6)
  3 iguanas (D:4)
  5 orc wizards
  Terence (D:2)
  3 mummies
  Robin (D:2)
  13 gnolls
  9 adders
  2 river rats (D:4)
  A white imp (D:6)
  An ufetubus (D:4)
  An adder zombie (Ossuary)
  2 worms (D:2)
  2 dart slugs
  15 orcs
  3 ball pythons (D:4)
  11 endoplasms
  8 giant cockroaches
  14 goblins
  13 hobgoblins
  3 kobolds
  6 quokkas
  8 bats
  4 frilled lizards
  3 goblin zombies
  13 hobgoblin zombies
  2 jackal zombies (Ossuary)
  9 kobold zombies (Ossuary)
  7 orc zombies (Ossuary)
  15 rats
205 creatures vanquished.

Vanquished Creatures (others)
  229 foxfires
229 creatures vanquished.

Grand Total: 434 creatures vanquished

Notes
Turn   | Place    | Note
-------+----------+-------------------------------------------
     0 | D:1      | Bartlander the Draconian Fire Elementalist began the quest
                  | for the Orb.
     0 | D:1      | Reached XP level 1. HP: 14/14 MP: 3/3
   229 | D:1      | Reached XP level 2. HP: 13/20 MP: 1/5
   469 | D:1      | Learned a level 2 spell: Scorch
   703 | D:1      | Found a faded altar of an unknown god.
   998 | D:1      | Reached skill level 4 in Fire Magic
  1288 | D:2      | Reached XP level 3. HP: 26/26 MP: 2/6
  1729 | D:2      | Noticed Robin
  1857 | D:2      | Killed Robin
  1858 | D:2      | Reached XP level 4. HP: 33/33 MP: 1/7
  1941 | D:2      | Reached skill level 5 in Fire Magic
  2476 | D:2      | Noticed Terence
  3353 | D:3      | Reached XP level 5. HP: 38/38 MP: 4/8
  3862 | D:2      | Reached skill level 6 in Fire Magic
  4250 | D:3      | Found a broken altar of Ashenzari.
  4312 | D:3      | Became a worshipper of Ashenzari the Shackled
  4663 | D:4      | Noticed an ogre
  4687 | D:4      | Reached XP level 6. HP: 24/45 MP: 1/9
  4913 | D:4      | Found a glowing drain.
  4919 | Sewer    | Entered a sewer
  5967 | D:4      | Reached skill level 7 in Fire Magic
  6035 | D:4      | Your scales start taking on a fiery red colour.
  6035 | D:4      | Reached skill level 8 in Fire Magic
  6035 | D:4      | Reached XP level 7. HP: 50/50 MP: 6/10
  6035 | D:4      | Gained mutation: Your flesh is heat resistant. (rF+) [Red
                  | Draconian growth]
  6105 | D:2      | Killed Terence
  6371 | D:4      | Found a staircase to the Ecumenical Temple.
  6638 | D:4      | Learned a level 4 spell: Flame Wave
  6671 | D:5      | Entered Level 5 of the Dungeon
  6784 | D:5      | Noticed Edmund
  6812 | D:4      | Killed Edmund
  6813 | D:4      | Reached skill level 9 in Fire Magic
  6891 | D:5      | Reached skill level 5 in Conjurations
  7260 | D:5      | Noticed Eustachio
  7271 | D:5      | Killed Eustachio
  7272 | D:5      | Reached XP level 8. HP: 54/57 MP: 4/11
  7272 | D:5      | Noticed Prince Ribbit
  7351 | D:5      | Reached skill level 10 in Fire Magic
  7407 | D:5      | Noticed Sigmund
  7472 | D:5      | Killed Prince Ribbit
  7911 | D:6      | Found Wapsiaq's Assorted Antiques.
  8183 | D:6      | Found Karobb's General Store.
  8187 | D:6      | Found a sand-covered staircase.
  8190 | D:6      | Reached skill level 11 in Fire Magic
  8193 | Ossuary  | Entered an ossuary
  8896 | D:6      | Found Zauxoina's Specific Store.
  8917 | D:6      | Reached XP level 9. HP: 62/62 MP: 7/12
  9661 | D:6      | Found an ancient bone altar of Kikubaaqudgha.
  9734 | D:6      | HP: 2/62 [killer bee (5)]
  9734 | D:6      | Slain by a killer bee

Illustrated notes

Levels and vault maps discovered:
D:1:      dpeg_arrival_prison, layout_loops_ring,
          dreamdust_ecumenical_altar_statues
D:2:      layout_loops_ring, kennysheep_generic_room_9, uniq_terence, uniq_robin
D:3:      layout_rooms, mainiacjoe_overflow_concentric_impassable
D:4:      layout_rooms, minmay_temple_entry_drinking_statues,
          gup_sewer_entry_bubbles, minmay_joined_circles
D:5:      layout_basic, uniq_prince_ribbit1, uniq_eustachio, uniq_edmund,
          uniq_sigmund
D:6:      layout_gridville, mainiacjoe_overflow_catwalk,
          nicolae_ossuary_entry_giza, nicolae_specific_store,
          nicolae_inconvenience_store, hangedman_decor_slide_cut,
          chequers_serial_rivers_large_b, kennysheep_generic_room_10

Skill      XL: |  1  2  3  4  5  6  7  8  9 |
---------------+----------------------------+-----
Fire Magic     | 4 5 6 8 9 11 | 11.8
Conjurations   | 2 3 5 7 8 |  8.1
Dodging        | |  1.7
Stealth        | |  1.7
Spellcasting   | |  2.0

Action                   |  1- 3 |  4- 6 |  7- 9 || total
-------------------------+-------+-------+-------++-------
Melee: Unarmed           |    27 |       |       ||    27
       Short sword       |    11 |    52 |       ||    63
       Tailslap          |     2 |     4 |     2 ||     8
       Staff             |       |       |    56 ||    56
Throw: Boomerang         |       |     4 |    12 ||    16
 Cast: Foxfire           |    19 |    70 |    48 ||   137
       Scorch            |    24 |    68 |    75 ||   167
       Flame Wave        |       |       |     1 ||     1
Invok: Curse Item        |       |     1 |     1 ||     2
       Shatter the Chain |       |       |     1 ||     1
 Abil: Breathe Fire      |       |       |    38 ||    38
  Use: Scroll            |     1 |     7 |     3 ||    11
       Potion            |       |     3 |     3 ||     6
Armor: Skin              |    12 |    23 |    63 ||    98
Dodge: Dodged            |    30 |    57 |    58 ||   145
